 Dungeon Crawl Stone Soup version 0.22.1-1-ga44c0e5 (webtiles) character file.

95 dvd the Skirmisher (level 4, -5/29 HPs)
             Began as a Gargoyle Monk on Oct 17, 2018.
             Slain by a goblin
             ... wielding a +0 club
             ... led by Robin
              (6 damage)
             ... on level 2 of the Dungeon.
             The game lasted 00:02:44 (1327 turns).

dvd the Skirmisher (Gargoyle Monk)                  Turns: 1327, Time: 00:02:44

Health: -5/29      AC: 12    Str: 15    XL:     4   Next: 66%
Magic:  4/4        EV: 10    Int: 10    God:
Gold:   62         SH:  0    Dex: 13    Spells: 3/3 levels left

rFire    . . .     SeeInvis .   a - +0 mace
rCold    . . .     Gourm    .   (no shield)
rNeg     + . .     Faith    .   r - +0 scale mail
rPois    ∞         Spirit   .   (no helmet)
rElec    +         Reflect  .   (no cloak)
rCorr    .         Harm     .   h - +2 pair of gloves
MR       .....                  (no boots)
Stlth    +.........             (no amulet)
HPRegen  0.09/turn              (no ring)
MPRegen  0.09/turn              (no ring)

@: no status effects
A: negative energy resistance 1, electricity resistance, unbreathing,
petrification resistance, rot immunity, AC +3
a: no special abilities


You were on level 2 of the Dungeon.
You were hungry.

You visited 1 branch of the dungeon, and saw 2 of its levels.

You collected 62 gold pieces.

Inventory:

Hand Weapons
 a - a +0 mace (weapon)
 b - a +0 hand axe
Armour
 f - a +0 chain mail
 h - a +2 pair of gloves (worn)
 j - a +0 robe
 r - a +0 scale mail (worn)
Scrolls
 g - a scroll of immolation {unknown}
 i - a scroll of teleportation {unknown}
 k - 3 scrolls of identify {unknown}
 l - a scroll of blinking {unknown}
 n - a scroll of noise {unknown}
 p - a scroll of remove curse {unknown}
Potions
 e - a potion of magic
 m - 2 potions of agility {unknown}
 o - a potion of might {unknown}
 q - a potion of curing {unknown}
Comestibles
 c - 3 rations
 d - 5 chunks of flesh


   Skills:
 + Level 4.3 Fighting
 + Level 0.4(2.2) Axes
 + Level 4.0 Maces & Flails
 * Level 1.0 Armour
 + Level 2.7 Dodging
 + Level 2.2 Stealth


You had 3 spell levels left.
You didn't know any spells.
Your spell library was empty.

Dungeon Overview and Level Annotations

Branches:
Dungeon (2/15)

Altars:
Ru

Annotations:
D:2 Robin


Innate Abilities, Weirdness & Mutations

You are resistant to torment.
Your stone body is resilient. (AC +3)
You are immune to poison.
You resist negative energy. (rN+)
You are resistant to electric shocks. (rElec)
You can survive without breathing.
You are immune to petrification.
You are immune to rotting.


Message History

The goblin closely misses you.
Unknown command.
You closely miss the goblin. The goblin misses you.
The goblin hits you but does no damage. The goblin hits you with a club.
* * * LOW HITPOINT WARNING * * *
You barely miss the goblin. The goblin hits you but does no damage.
The goblin hits you.
* * * LOW HITPOINT WARNING * * *
The goblin barely misses you.
You barely miss the goblin. The goblin closely misses you. x2
The goblin hits you with a club.
* * * LOW HITPOINT WARNING * * *
You closely miss the goblin. The goblin hits you but does no damage.
The goblin closely misses you. x2; The goblin hits you but does no damage.
The goblin closely misses you.
Unknown command.
It was a potion of magic.
Magic courses through your body.
The goblin no longer looks unusually strong.
The goblin hits you with a club.
You die...

...#...........#.#.#.....#
#..#.####÷####.#.........#
#..# #.......#.#......g.g.
#..# #.##.##.#.#..####.#g.
...#.#.#...#.#.#K##
........._.....gg#####
...#.#.#...#.#.#gg...# .
#.#.##.##.#.#ggg>.# #
#.......#.#@#####
####.####)#g# ... ..#.#
##.## ###.. ... #... ###
##... #.%. #... ....


You could see Robin, a hobgoblin, 6 goblins and a kobold.

Vanquished Creatures
  An orc priest (D:2)
  3 adders (D:2)
  2 oozes
  A dart slug (D:1)
  2 orcs
  A giant cockroach (D:1)
  5 goblins
  2 hobgoblins (D:1)
  2 kobolds (D:1)
  2 bats
  2 frilled lizards (D:1)
  7 rats (D:1)
30 creatures vanquished.

Notes
Turn   | Place    | Note
-------+----------+-------------------------------------------
     0 | D:1      | dvd the Gargoyle Monk began the quest for the Orb.
     0 | D:1      | Reached XP level 1. HP: 14/14 MP: 1/1
   224 | D:1      | Reached XP level 2. HP: 19/19 MP: 2/2
   509 | D:1      | Reached XP level 3. HP: 20/24 MP: 3/3
  1080 | D:2      | Reached XP level 4. HP: 24/29 MP: 4/4
  1250 | D:2      | Found a sacrificial altar of Ru.
  1259 | D:2      | Reached skill level 1 in Armour
  1299 | D:2      | Noticed Robin
  1325 | D:2      | HP: 1/29 [goblin/club[Robin] (3)]
  1327 | D:2      | Slain by a goblin

Skill      XL: |  1  2  3  4 |
---------------+-------------+-----
Fighting       | 4 |  4.3
Maces & Flails | 4 |  4.0
Armour         | 1 |  1.0
Axes           | |  0.4
Dodging        | |  2.7
Stealth        | |  2.2

Action                   |  1- 3 |  4- 6 || total
-------------------------+-------+-------++-------
Melee: Mace              |    68 |    58 ||   126
       Hand axe          |     9 |       ||     9
  Use: Potion            |       |     1 ||     1
  Eat: Chunk             |       |     1 ||     1
Armor: Robe              |    10 |       ||    10
       Chain mail        |    52 |     5 ||    57
       Scale mail        |       |    41 ||    41
Dodge: Dodged            |    36 |    48 ||    84
